 Dungeon Crawl Stone Soup version 0.29-a0-19-gef7f3e6 (webtiles) character file.

Game seed: 8353367311480498468

1337 Illumine the Grappler (level 8, -1/75 HPs)
             Began as a Troll Monk on Jan 28, 2022.
             Was a Believer of Ru.
             Slain by a troll (8 damage)
             ... on level 6 of the Dungeon.
             The game lasted 00:04:45 (3551 turns).

Illumine the Grappler (Troll Monk)                  Turns: 3551, Time: 00:04:45

Health: -1/75      AC:  5    Str: 22    XL:     8   Next: 35%
Magic:  7/7        EV: 10    Int:  6    God:    Ru [**....]
Gold:   156        SH:  0    Dex: 12    Spells: 7/7 levels left

rFire   . . .      SeeInvis .     - Unarmed
rCold   . . .      Faith    .   (no shield)
rNeg    . . .      Spirit   .   a - +0 robe
rPois   .          Reflect  .   (helmet restricted)
rElec   .          Harm     .   r - +0 cloak
rCorr   .          Rampage  .   (gloves unavailable)
Will    .....                   (boots unavailable)
Stlth   ++........              (no amulet)
HPRegen 1.02/turn               (no ring)
MPRegen 0.10/turn               (no ring)

@: no status effects
A: large, unfitting armour, claws 3, regeneration 1, shaggy fur 1, tough skin 1,
hated by all
a: Renounce Religion


You were on level 6 of the Dungeon.
You worshipped Ru.
Ru was pleased with you.
You visited 2 branches of the dungeon, and saw 7 of its levels.

You collected 156 gold pieces.

Inventory:

Missiles
 f - 5 boomerangs (quivered)
Armour
 a - a +0 robe (worn)
 r - a +0 cloak (worn)
Jewellery
 i - a ring of wizardry
Scrolls
 d - 2 scrolls of teleportation
 g - a scroll of magic mapping {unknown}
 h - a scroll of amnesia {unknown}
 m - a scroll of summoning {unknown}
 n - a scroll of enchant armour {unknown}
 o - a scroll of vulnerability {unknown}
 q - a scroll of holy word {unknown}
 s - a scroll of blinking {unknown}
Potions
 c - a potion of invisibility {unknown}
 e - 2 potions of curing
 j - 2 potions of brilliance {unknown}
 k - a potion of lignification {unknown}
 l - a potion of flight {unknown}
 p - a potion of cancellation {unknown}


   Skills:
 + Level 3.3 Fighting
 + Level 2.0 Throwing
 + Level 3.3 Dodging
 - Level 1.0 Stealth
 + Level 9.6 Unarmed Combat


You had 7 spell levels left.
You didn't know any spells.
Your spell library contained the following spells:

 Spells                   Type           Power      Damage    Failure   Level
 Foxfire                  Conj/Fire      0%         2x1d4     45%         1
 Freeze                   Ice            0%         1d3       45%         1
 Ensorcelled Hibernation  Hex/Ice        0%         N/A       58%         2
 Passwall                 Tmut/Erth      0%         N/A       58%         2
 Conjure Flame            Conj/Fire      0%         6-21      83%         3
 Inner Flame              Hex/Fire       0%         N/A       83%         3
 Swiftness                Air            0%         N/A       83%         3
 Flame Wave               Conj/Fire      0%         2d4       99%         4
 Olgreb's Toxic Radiance  Pois           0%         N/A       99%         4
 Ozocubu's Refrigeration  Ice            0%         4d5       100%        7
 Ignition                 Fire           0%         3d3       100%        8
 Necromutation            Tmut/Necr      0%         N/A       100%        8
 Infestation              Necr           Unusable   N/A       N/A         8

Dungeon Overview and Level Annotations

Branches:
Dungeon (6/15)             Temple (1/1) D:4

Altars:
Ashenzari
Cheibriados
Dithmenos
Elyvilon
Fedhas
Gozag
Hepliaklqana
Kikubaaqudgha
Makhleb
Nemelex Xobeh
Okawaru
Qazlal
Ru
Sif Muna
Trog
Uskayaw
Vehumet
Wu Jian
Xom
Yredelemnul
Zin
The Shining One

Annotations:
D:3 Sigmund


Innate Abilities, Weirdness & Mutations

You are too large for most types of armour.
You have claws for hands.
Your natural rate of healing is unusually fast.
You are covered in fur. (AC +1)
You have tough skin. (AC +1)
You are hated by all.


Message History

You miss the orc wizard.
The orc wizard is almost dead.
The troll barely misses you. The troll claws you!
You focus your inner power and illuminate the troll in retribution!
The troll claws you!
The orc wizard mumbles some strange words.
The orc wizard flickers and vanishes!
Deactivating autopickup; reactivate with Ctrl-A.
You scratch something.
Reactivating autopickup.
You feel a bit more experienced. The troll misses you. The troll claws you!
The troll closely misses you.
Your Throwing skill increases to level 2!
Things that are here:
a +0 dagger; a +0 robe You see here a +0 whip.
You bump into the rock wall.
The troll bites you!
* * * LOW HITPOINT WARNING * * *
The troll misses you. The troll claws you.
* * * LOW HITPOINT WARNING * * *
You feel much better.
You feel less confused. The troll misses you. The troll claws you.
The troll claws you!
You feel better. The troll bites you!
You focus your inner power and illuminate the troll in retribution!
The troll barely misses you. x2
An orc comes into view. It is wielding a +0 dagger.
The orc shouts!
You scratch the troll. Your claw misses the troll.
The troll is lightly wounded.
The troll bites you!
* * * LOW HITPOINT WARNING * * *
You focus your inner power and illuminate the troll in retribution!
The troll claws you.
* * * LOW HITPOINT WARNING * * *
The troll misses you.
You barely miss the troll. You claw the troll, but do no damage.
The troll is lightly wounded.
The troll bites you!
You die...

#.# ## ## ##.# ........#
#.#...#.# ..#...## ##### #
...#.. ##...### #. #.#.o#
##....... #.##.##.#
#..[>..## #.....T@#
###.#....# ###?..###
#........# #...#
#.##.....# #...#
#.##.##.## #.<.# #.##.##.#
#...# #.##.##.###
#####...########.......#..
........<.....####........
..............# #).#.....


You could see a troll (corona) and an orc.

Vanquished Creatures
  A steam dragon (D:5)
  A water moccasin (D:6)
  A sky beast (D:5)
  An ogre (D:5)
  A centaur (D:5)
  2 scorpions
  A water moccasin zombie (D:5)
  A water moccasin skeleton (D:5)
  A centaur zombie (D:3)
  A jelly (D:6)
  2 centaur skeletons
  An orc priest (D:6)
  A gnoll shaman (D:4)
  An iguana (D:5)
  6 orc wizards
  Natasha (thrice) (D:2)
  A scorpion zombie (D:3)
  Robin (D:2)
  7 adders
  An adder skeleton (D:4)
  An adder zombie (D:5)
  2 worms (D:2)
  A dart slug (D:3)
  12 orcs
  7 endoplasms
  2 giant cockroaches (D:4)
  5 hobgoblins
  4 quokkas
  5 ball pythons
  A ball python zombie (D:3)
  3 bats
  A frilled lizard (D:1)
  A giant cockroach zombie (D:3)
  16 goblins
  3 kobolds
  8 rats
107 creatures vanquished.

Notes
Turn   | Place    | Note
-------+----------+-------------------------------------------
     0 | D:1      | Illumine the Troll Monk began the quest for the Orb.
     0 | D:1      | Reached XP level 1. HP: 22/22 MP: 0/0
   418 | D:1      | Reached XP level 2. HP: 27/29 MP: 1/1
   576 | D:1      | Reached skill level 4 in Unarmed Combat
   815 | D:2      | Reached XP level 3. HP: 36/36 MP: 2/2
   938 | D:2      | Noticed Robin
   943 | D:2      | Killed Robin
   961 | D:2      | You fall into a shaft and drop 1 floor!
   966 | D:3      | Reached skill level 5 in Unarmed Combat
   966 | D:3      | Reached XP level 4. HP: 27/44 MP: 3/3
  1114 | D:3      | Found a basalt altar of Yredelemnul.
  1215 | D:3      | Reached XP level 5. HP: 50/50 MP: 4/4
  1230 | D:3      | Noticed Sigmund
  1385 | D:2      | Reached skill level 6 in Unarmed Combat
  1503 | D:2      | Noticed Natasha
  1508 | D:2      | Killed Natasha
  1558 | D:2      | Noticed Natasha
  1564 | D:2      | Killed Natasha
  1566 | D:2      | Noticed Natasha
  1578 | D:2      | Killed Natasha
  1740 | D:4      | Reached XP level 6. HP: 28/59 MP: 5/5
  1749 | D:4      | Reached skill level 7 in Unarmed Combat
  1952 | D:4      | Identified the +2 whip of Puodah {vamp, Fly Will- rCorr
                  | Dex+3}
  1995 | D:4      | Found a staircase to the Ecumenical Temple.
  2014 | Temple   | Entered the Ecumenical Temple
  2211 | Temple   | Became a worshipper of Ru the Awakened
  2220 | D:4      | Gained mutation: You are hated by all. [Ru sacrifice]
  2220 | D:4      | Reached * piety under Ru
  2220 | D:4      | Reached ** piety under Ru
  2421 | D:5      | Entered Level 5 of the Dungeon
  2458 | D:5      | Noticed a steam dragon
  2464 | D:5      | Killed a steam dragon
  2465 | D:5      | Reached skill level 8 in Unarmed Combat
  2465 | D:5      | Reached XP level 7. HP: 53/66 MP: 6/6
  2693 | D:5      | Reached skill level 9 in Unarmed Combat
  2874 | D:5      | Reached XP level 8. HP: 74/74 MP: 7/7
  2886 | D:5      | Reached skill level 1 in Throwing
  3002 | D:5      | Got the Handbook of Syndicalism
  3532 | D:6      | Noticed a troll
  3551 | D:6      | Slain by a troll

Illustrated notes

Levels and vault maps discovered:
D:1:      minmay_arrival_widening_spiral_narrow, layout_rooms,
          chequers_serial_rivers_micro_b
D:2:      layout_basic, serial_curves, eino_curves_01, eino_curves_04,
          uniq_robin, uniq_natasha
D:3:      layout_loops_cross, nicolae_yredelemnul_corpse_copse,
          gup_sewer_entry_glass, uniq_sigmund
D:4:      layout_rooms, minmay_temple_entry_junction_2, minmay_vboxes
D:5:      layout_rooms
D:6:      layout_loops_cross
Temple:   minmay_crystal_snake_temple

Skill      XL: |  1  2  3  4  5  6  7  8 |
---------------+-------------------------+-----
Unarmed Combat | 4 5 6 8 9 |  9.6
Throwing       | 2 |  2.0
Fighting       | 3 |  3.3
Dodging        | 3 |  3.3
Stealth        | |  1.0

Action                   |  1- 3 |  4- 6 |  7- 9 || total
-------------------------+-------+-------+-------++-------
Melee: Unarmed           |    82 |   109 |    95 ||   286
       Punch             |       |     2 |     9 ||    11
Throw: Boomerang         |       |       |     1 ||     1
Invok: Sacrifice Love    |       |     1 |       ||     1
  Use: Potion            |       |     1 |     2 ||     3
       Scroll            |       |       |     3 ||     3
 Stab: Sleeping          |     3 |     1 |     1 ||     5
       Invisible         |       |       |     2 ||     2
Armor: Robe              |    30 |    28 |    25 ||    83
Dodge: Dodged            |    31 |    49 |    40 ||   120

Table legend: (Time is in decaauts)
 A = Elapsed time spent in this place.
 B = Non-inter-level travel time spent in this place.
 C = Inter-level travel time spent in this place.
 D = Time resting spent in this place.
 E = Time spent auto-exploring this place.
 F = Levels seen in this place.
 G = Mean time per level.
                   A        B        C        D        E       F      G
               +--------+--------+--------+--------+--------+-----+--------+
         Total |   3531 |   3434 |     97 |    333 |   2325 |   7 |  504.4 |
       Dungeon |   3326 |   3274 |     52 |    333 |   2185 |   6 |  554.3 |
        Temple |    204 |    159 |     45 |      0 |    140 |   1 |  204.0 |
               +--------+--------+--------+--------+--------+-----+--------+

Top non-repeatable levels by time:
     D:1: 729 daAuts
     D:5: 718 daAuts
     D:2: 613 daAuts
     D:4: 505 daAuts
     D:6: 393 daAuts
     D:3: 365 daAuts
  Temple: 204 daAuts
